 Dungeon Crawl Stone Soup version 0.31-a0-177-g4aa6249778 (webtiles) character file.

Game seed: 15103471527046332448

778 qw the Chopper (level 7, -2/43 HPs)
             Began as a Gargoyle Fighter on June 18, 2023.
             Slain by a gnoll
             ... wielding a +0 flail
              (6 damage)
             ... on level 5 of the Dungeon.
             The game lasted 00:01:45 (3316 turns).

qw the Chopper (Gargoyle Fighter)                   Turns: 3316, Time: 00:01:46

Health: -2/43      AC: 17    Str: 22    XL:     7   Next: 85%
Magic:  7/7        EV:  8    Int:  8    God:
Gold:   222        SH:  0    Dex:  9    Spells: 6/6 levels left

rFire   . . .        Y - +2 war axe
rCold   . . .        c - +0 buckler
rNeg    + + .        j - +0 chain mail of Youthful Indiscretion {rN+}
rPois   inf          (no helmet)
rElec   +            (no cloak)
rCorr   +            n - +1 pair of gloves
SInv    .            o - +0 pair of boots
Will    .....        (no amulet) Stlth
                     g - ring of resist corrosion
HPRegen 0.27/turn    (no ring)
MPRegen 0.10/turn

%: no passive effects
@: confused
A: sickness immunity, AC +4, negative energy resistance 1, electricity
resistance, torment resistance 1, petrification resistance
a: no special abilities


You were on level 5 of the Dungeon.
You visited 1 branch of the dungeon, and saw 5 of its levels.

You collected 222 gold pieces.


Innate Abilities, Weirdness & Mutations

You are immune to sickness and miasma.
Your stone body is resilient. (AC +4)
You are immune to poison.
You resist negative energy. (rN+)
You are resistant to electric shocks. (rElec)
You are resistant to unholy torment.
You are immune to petrification.


   Skills:
 - Level 4.1 Fighting
 - Level 7.3 Axes
 + Level 1.4 Throwing
 - Level 3.2 Armour
 - Level 0.8 Dodging
 - Level 3.2 Shields


You had 6 spell levels left.
You didn't know any spells.
Your spell library was empty.

Inventory:

Hand Weapons
 i - a +1 flail of venom
 Y - a +2 war axe (weapon)
Missiles
 b - 3 boomerangs
 k - 3 silver javelins (quivered)
Armour
 c - a +0 buckler (worn)
 j - the +0 chain mail of Youthful Indiscretion (worn) {rN+}
   (You found it on level 2 of the Dungeon)

   rN:        It protects you from negative energy.
 n - a +1 pair of gloves (worn)
 o - a +0 pair of boots (worn)
Jewellery
 a - a ring of ice
 g - a ring of resist corrosion (left hand)
 h - a ring of ice
Scrolls
 f - a scroll of teleportation
 l - a scroll of identify
Potions
 d - a potion of might
 e - a potion of attraction
 m - a potion of magic

Dungeon Overview and Level Annotations

Branches:
Dungeon (5/15)
 Temple: D:4-7

Altars:
Ashenzari
Elyvilon
Trog


Message History

Something hits you but does no damage. The orc priest barely misses you.
The orc completely misses you.
The orc wizard hits you but does no damage.
Something hits you but does no damage. The gnoll barely misses you.
The orc priest hits you but does no damage.
The orc wizard closely misses you. The orc closely misses you.
Something hits you but does no damage. The gnoll hits you but does no damage.
The orc priest hits you but does no damage.
The orc hits you but does no damage.
The orc wizard hits you but does no damage.
Something hits you but does no damage. The gnoll barely misses you.
The orc priest closely misses you.
The orc wizard hits you but does no damage.
The orc hits you but does no damage. Something hits you but does no damage.
A gnoll comes into view. It is wielding a +0 spear.
The gnoll hits you but does no damage.
The orc priest hits you but does no damage.
The orc wizard hits you but does no damage.
The orc barely misses you. Something hits you but does no damage.
The gnoll hits you with a +0 flail.
The orc priest hits you but does no damage.
The orc wizard casts a spell at you.
You are more confused.
The orc hits you but does no damage.
You hear some strange, mumbled words.
Something tries to affect you, but you resist.
The gnoll barely misses you.
The orc priest hits you but does no damage.
The orc wizard hits you but does no damage.
The orc hits you but does no damage.
You hear some strange, mumbled words.
You are more confused.
The gnoll hits you from afar with a +0 spear.
The gnoll closely misses you. The orc priest closely misses you.
The orc wizard hits you but does no damage.
The orc hits you but does no damage. Something hits you but does no damage.
A gnoll comes into view. It is wielding a +0 club.
The gnoll hits you but does no damage. The gnoll hits you with a +0 flail.
You die...

..o ... ## .... ..
..... ##. ####....o
#..#####........
#..#............
##.gooZ.....#...
#.g{@oZ.........<
......####..........
###g# ######..... #
###.. #


You could see an orc priest, an orc wizard, 3 gnolls, an orc, a bullfrog zombie
and a centaur zombie.

Vanquished Creatures
  Pikel (D:4)
  A lemure (D:4)
  A howler monkey (D:3)
  An orc priest (D:4)
  2 hounds (D:4)
  2 orc wizards
  A gnoll (D:1)
  5 adders
  4 worms
  A dart slug (D:1)
  9 orcs
  5 endoplasms
  3 giant cockroaches
  13 goblins
  9 hobgoblins
  7 jackals (D:2)
  5 kobolds
  2 quokkas
  5 ball pythons
  2 bats
  A frilled lizard (D:2)
  3 rats
83 creatures vanquished.

Notes
Turn   | Place    | Note
-------+----------+-------------------------------------------
     0 | D:1      | qw the Gargoyle Fighter began the quest for the Orb.
     0 | D:1      | Reached XP level 1. HP: 14/14 MP: 1/1
     0 | D:1      | 0 ||| qw: Version: 0.3-a-5-g6f28e65
     0 | D:1      | 0 ||| qw: Game counter: 681
     0 | D:1      | 0 ||| qw: Always use a shield: true
     0 | D:1      | 0 ||| qw: God list: Okawaru
     0 | D:1      | 0 ||| qw: Allow faded altars: false
     0 | D:1      | 0 ||| qw: Do Orc after D:15 true
     0 | D:1      | 0 ||| qw: Do second Lair branch before Depths: true
     0 | D:1      | 0 ||| qw: Lair rune preference: random
     0 | D:1      | 0 ||| qw: Plans: Normal, Zot:1-4, Slime:5, God:TSO, Crypt,
                  | Tomb, Abyss, Pan, Hells, Win
     0 | D:1      | 0 ||| PLANNING D:1-11
    61 | D:1      | Reached skill level 2 in Axes
   117 | D:1      | Reached XP level 2. HP: 15/19 MP: 2/2
   222 | D:1      | 222 ||| Stepping ~*~*~tactically~*~*~ (stealth).
   506 | D:1      | 506 ||| Stepping ~*~*~tactically~*~*~ (hiding).
   509 | D:1      | 509 ||| Stepping ~*~*~tactically~*~*~ (hiding).
   518 | D:1      | Reached skill level 3 in Axes
   733 | D:1      | Reached XP level 3. HP: 23/23 MP: 3/3
   749 | D:1      | 749 ||| DROPPING +0 club.
   954 | D:1      | 954 ||| Stepping ~*~*~tactically~*~*~ (stealth).
   957 | D:1      | 957 ||| Stepping ~*~*~tactically~*~*~ (stealth).
   984 | D:1      | 984 ||| READING scroll labelled TOMETO SILO.
   985 | D:1      | 985 ||| READING scroll labelled PIC XELLAVA.
  1091 | D:2      | Identified the +0 chain mail of Youthful Indiscretion {rN+}
  1136 | D:2      | 1136 ||| Stepping ~*~*~tactically~*~*~ (stealth).
  1180 | D:2      | 1180 ||| Stepping ~*~*~tactically~*~*~ (stealth).
  1227 | D:2      | Reached skill level 1 in Throwing
  1250 | D:2      | Reached XP level 4. HP: 25/28 MP: 4/4
  1458 | D:2      | 1458 ||| FLEEEEING.
  1459 | D:2      | 1459 ||| FLEEEEING.
  1460 | D:2      | 1460 ||| FLEEEEING.
  1461 | D:2      | 1461 ||| FLEEEEING.
  1462 | D:2      | 1462 ||| FLEEEEING.
  1463 | D:2      | 1463 ||| FLEEEEING.
  1464 | D:2      | 1464 ||| FLEEEEING.
  1465 | D:2      | 1465 ||| FLEEEEING.
  1466 | D:2      | 1466 ||| FLEEEEING.
  1467 | D:2      | 1467 ||| FLEEEEING.
  1468 | D:2      | 1468 ||| Stepping ~*~*~tactically~*~*~ (hiding).
  1497 | D:2      | Reached skill level 4 in Axes
  1617 | D:2      | 1617 ||| UPGRADING to +0 chain mail of Youthful
                  | Indiscretion {rN+}.
  1627 | D:2      | 1627 ||| DROPPING +0 scale mail.
  1628 | D:2      | 1628 ||| READING scroll labelled EVURCH ELUPLALO.
  1629 | D:2      | 1629 ||| READING 2 scrolls labelled PEMARR CAYTT.
  1630 | D:2      | 1630 ||| READING scroll labelled CEMNEC HUOWK.
  1731 | D:2      | 1731 ||| READING scroll labelled YDEKLO ZASOT.
  1792 | D:3      | Reached XP level 5. HP: 32/32 MP: 5/5
  1944 | D:3      | Found a broken altar of Ashenzari.
  2212 | D:3      | 2212 ||| READING 2 scrolls labelled TOLI SEPPOLUL.
  2213 | D:3      | 2213 ||| READING scroll of enchant weapon.
  2213 | D:3      | 2213 ||| ENCHANTING +1 war axe.
  2214 | D:3      | 2214 ||| DRINKING 2 pink potions.
  2215 | D:3      | 2215 ||| DRINKING 2 dark potions.
  2287 | D:4      | Found a white marble altar of Elyvilon.
  2302 | D:4      | Reached skill level 5 in Axes
  2417 | D:4      | 2417 ||| Stepping ~*~*~tactically~*~*~ (hiding).
  2423 | D:4      | Reached XP level 6. HP: 19/38 MP: 6/6
  2433 | D:4      | 2433 ||| FLEEEEING.
  2434 | D:4      | 2434 ||| FLEEEEING.
  2435 | D:4      | 2435 ||| FLEEEEING.
  2436 | D:4      | 2436 ||| FLEEEEING.
  2437 | D:4      | 2437 ||| FLEEEEING.
  2438 | D:4      | 2438 ||| FLEEEEING.
  2440 | D:4      | 2440 ||| FLEEEEING.
  2441 | D:4      | 2441 ||| FLEEEEING.
  2442 | D:4      | 2442 ||| FLEEEEING.
  2443 | D:4      | 2443 ||| FLEEEEING.
  2444 | D:4      | 2444 ||| FLEEEEING.
  2445 | D:4      | 2445 ||| FLEEEEING.
  2447 | D:4      | 2447 ||| FLEEEEING.
  2448 | D:4      | 2448 ||| FLEEEEING.
  2449 | D:4      | 2449 ||| FLEEEEING.
  2450 | D:4      | 2450 ||| FLEEEEING.
  2451 | D:4      | 2451 ||| FLEEEEING.
  2452 | D:4      | 2452 ||| FLEEEEING.
  2453 | D:4      | 2453 ||| FLEEEEING.
  2454 | D:4      | 2454 ||| FLEEEEING.
  2455 | D:4      | 2455 ||| FLEEEEING.
  2456 | D:4      | 2456 ||| STAIRDANCE
  2493 | D:3      | 2493 ||| UPGRADING to +0 pair of gloves.
  2498 | D:3      | 2498 ||| READING scroll of enchant armour.
  2498 | D:3      | 2498 ||| ENCHANTING +0 pair of gloves.
  2502 | D:4      | 2502 ||| STAIRDANCE
  2735 | D:4      | 2735 ||| DRINKING potion of curing.
  2735 | D:4      | 2735 ||| (to cure confusion)
  2878 | D:4      | Noticed Pikel
  2891 | D:4      | Killed Pikel
  2892 | D:4      | Reached skill level 7 in Axes
  2892 | D:4      | Reached XP level 7. HP: 27/43 MP: 7/7
  2893 | D:4      | 2893 ||| FLEEEEING.
  2895 | D:4      | 2895 ||| FLEEEEING.
  2896 | D:4      | 2896 ||| FLEEEEING.
  2897 | D:4      | 2897 ||| FLEEEEING.
  2898 | D:4      | 2898 ||| FLEEEEING.
  2901 | D:4      | 2901 ||| FLEEEEING.
  2902 | D:4      | 2902 ||| FLEEEEING.
  2904 | D:4      | 2904 ||| FLEEEEING.
  2905 | D:4      | 2905 ||| FLEEEEING.
  2906 | D:4      | 2906 ||| FLEEEEING.
  2907 | D:4      | 2907 ||| FLEEEEING.
  2908 | D:4      | 2908 ||| FLEEEEING.
  2909 | D:4      | 2909 ||| FLEEEEING.
  2910 | D:4      | 2910 ||| STAIRDANCE
  2948 | D:3      | 2948 ||| READING 2 scrolls labelled NUIJER ENUNE.
  2951 | D:3      | 2951 ||| READING scroll labelled VESAED NUGHO.
  2952 | D:3      | 2952 ||| READING 2 scrolls of identify.
  2952 | D:3      | 2952 ||| IDENTIFYING amethyst potion
  3035 | D:4      | 3035 ||| Stepping ~*~*~tactically~*~*~ (hiding).
  3104 | D:4      | Found a bloodstained altar of Trog.
  3143 | D:4      | 3143 ||| UPGRADING to +0 pair of boots.
  3148 | D:4      | 3148 ||| UPGRADING to ring of resist corrosion.
  3203 | D:5      | Entered Level 5 of the Dungeon
  3208 | D:5      | 3208 ||| FLEEEEING.
  3209 | D:5      | 3209 ||| FLEEEEING.
  3211 | D:5      | 3211 ||| STAIRDANCE
  3302 | D:5      | HP: 10/43 [orc priest/divine providence (11)]
  3313 | D:5      | HP: 5/43 [gnoll/+0 flail (3)]
  3316 | D:5      | Slain by a gnoll

Levels and vault maps discovered:
D:1:      nicolae_arrival_washed_ashore, layout_basic
D:2:      layout_basic
D:3:      layout_rooms, cheibrodos_ashenzari_chains, minmay_misc_feat_ornament
D:4:      layout_loops_cross, general_overflow_altar,
          mainiacjoe_overflow_six_doors_small, chequers_serial_rivers_micro_a,
          uniq_pikel
D:5:      nicolae_cairo_tiling_large, layout_cave_pods, fedhas_altar_3,
          serial_undead, serial_undead_e, serial_undead_e, serial_undead_b,
          serial_undead_a, serial_undead_a, serial_undead_e, serial_undead_d,
          serial_undead_d, corexii_leaking_fountain

Skill      XL: |  1  2  3  4  5  6 |
---------------+-------------------+-----
Axes           | 2 3 4 5 7 |  7.3
Throwing       | 1 |  1.4
Fighting       | 4 |  4.1
Armour         | |  3.2
Dodging        | |  0.8
Shields        | |  3.2

Action                     |  1- 3 |  4- 6 |  7- 9 || total
---------------------------+-------+-------+-------++-------
  Melee: War axe           |    69 |   133 |     9 ||   211
  Throw: Boomerang         |     8 |    10 |       ||    18
         Javelin           |     4 |    45 |     3 ||    52
    Use: Scroll            |     2 |     7 |     3 ||    12
         Potion            |       |     3 |       ||     3
 Armour: Scale mail        |    33 |    18 |       ||    51
         Chain mail        |       |    59 |    58 ||   117
  Dodge: Dodged            |    24 |    52 |    18 ||    94
  Block: Buckler           |    16 |    19 |       ||    35

Table legend:
 A = Non-vault XP
 B = Vault XP
 C = Vault XP percentage of total XP
 D = Non-vault monster count
 E = Vault monster count
 F = Vault count percentage of total count
                 A         B        C        D         E       F
            +---------+---------+-------+---------+---------+-------
      Total |     483 |     629 |  56.6 |      81 |       1 |   1.2
            +---------+---------+-------+---------+---------+-------
        D:1 |      51 |       0 |   0.0 |      20 |       0 |   0.0
        D:2 |      83 |       0 |   0.0 |      30 |       0 |   0.0
        D:3 |      79 |       0 |   0.0 |       8 |       0 |   0.0
        D:4 |     235 |     629 |  72.8 |      22 |       1 |   4.3
        D:5 |      35 |       0 |   0.0 |       1 |       0 |   0.0
            +---------+---------+-------+---------+---------+-------
